 Dungeon Crawl Stone Soup version 0.30-a0-782-ge64f9170bb (webtiles) character file.

Game seed: 4576304328750312007

419 Bnni the Trooper (level 6, -6/50 HPs)
             Began as a Demonspawn Fighter on Feb 23, 2023.
             Mangled by an ogre
             ... wielding a +0 giant club
              (16 damage)
             ... on level 4 of the Dungeon.
             The game lasted 00:04:59 (2278 turns).

Bnni the Trooper (Demonspawn Fighter)               Turns: 2278, Time: 00:05:00

Health: -6/50      AC:  8    Str: 25    XL:     6   Next: 62%
Magic:  0/6        EV:  7    Int: 12    God:
Gold:   160        SH:  5    Dex: 12    Spells: 5/5 levels left

rFire   . . .      SeeInvis +    a - +0 trident
rCold   + . .      Faith    .    m - +0 buckler of Beogh's Hatred {rC+ Int+3 SInv}
rNeg    . . .      Spirit   +    d - +0 chain mail
rPois   .          Reflect  .    (helmet restricted)
rElec   .          Harm     .    (no cloak)
rCorr   .          Rampage  .    (no gloves)
Will    +....                    (no boots) Stlth
                                 w - amulet of guardian spirit
HPRegen 1.28/turn                f - +6 ring of strength
MPRegen 0.10/turn                o - ring of willpower

@: no status effects
A: horns 1, powered by death 1, demonic magic 1
a: no special abilities


You were on level 4 of the Dungeon.
You visited 1 branch of the dungeon, and saw 4 of its levels.

You collected 160 gold pieces.

Inventory:

Hand Weapons
 a - a +0 trident (weapon)
Missiles
 r - 3 boomerangs of dispersal (quivered)
Armour
 d - a +0 chain mail (worn)
 m - the +0 buckler of Beogh's Hatred (worn) {rC+ Int+3 SInv}
   (You found it on level 2 of the Dungeon)

   Int:       It affects your intelligence (+3).
   rC:        It protects you from cold.
   SInv:      It lets you see invisible.
Jewellery
 f - a +6 ring of strength (left hand)
 o - a ring of willpower (right hand)
 w - an amulet of guardian spirit (around neck)
Wands
 j - a wand of flame (21)
Scrolls
 b - a scroll of teleportation {unknown}
 c - a scroll of magic mapping {unknown}
 h - a scroll of acquirement {unknown}
 i - a scroll of poison {unknown}
 l - 2 scrolls of blinking {unknown}
 p - a scroll of enchant weapon {unknown}
 t - a scroll of noise {unknown}
 v - a scroll of fear {unknown}
Potions
 e - a potion of ambrosia
 g - 2 potions of lignification
 k - 2 potions of cancellation
 n - a potion of mutation
 s - a potion of flight {unknown}
 u - a potion of brilliance {unknown}


   Skills:
 + Level 4.8 Fighting
 * Level 4.6 Polearms
 - Level 2.6 Armour
 - Level 4.0 Shields


You had 5 spell levels left.
You didn't know any spells.
Your spell library contained the following spells:

 Spells                   Type           Power      Damage    Failure   Level
 Beastly Appendage        Tmut           0%         N/A       97%         1
 Wereblood                Tmut           0%         N/A       99%         2
 Spider Form              Tmut/Pois      0%         N/A       100%        3


Dungeon Overview and Level Annotations

Branches:
Dungeon (4/15)
 Temple: D:4-7

Altars:

Shops:
D:3 *((


Innate Abilities, Weirdness & Mutations

You have a pair of small horns on your head.
You regenerate a little health from kills.
Spells you cast may paralyse adjacent enemies.


Message History

A dart slug comes into view.
You see here a scroll labelled BUDYTI UGOTAZ.
An endoplasm comes into view.
A quokka comes into view.
An ogre comes into view. It is wielding a +0 giant club.
You barely miss the orc.
The ogre shouts!
The orc barely misses you. You block the orc's attack.
You barely miss the orc. The dart slug launches a dart at you.
The slug dart hits you but does no damage.
You block the orc's attack.
You hit the orc but do no damage. Your headbutt misses the orc.
The orc hits you but does no damage.
You hit the endoplasm. You headbutt the endoplasm.
You kill the endoplasm!
The orc barely misses you.
You puncture the ogre!
The ogre is heavily wounded.
You block the ogre's attack. You block the quokka's attack.
You see here a scroll labelled BUDYTI UGOTAZ.
You completely miss the quokka. You headbutt the quokka.
You kill the quokka!
The ogre hits you with a +0 giant club!!
Ouch! That really hurt!
You are too injured to fight recklessly!
You puncture the ogre! You headbutt the ogre.
The ogre is severely wounded.
You block the orc's attack.
Okay, then.
Okay, then.
You hit the ogre but do no damage.
You headbutt the ogre, but do no damage.
The ogre is severely wounded.
The ogre hits you with a +0 giant club!!
* * * LOW HITPOINT WARNING * * *
You block the orc's attack. The dart slug barely misses you.
The ogre attacks as you move away! The ogre hits you with a +0 giant club!
You die...

...... ##.#.# # .....
#..#.# .##...# # #....#
.....# #.##..#.### #...#
#..)......# ## #...#####
#.)#.#.# ..
####...#...####....#.#...
........O.....#.....).#.!.
........o@.........#......
........w.....#.......#...
###?#.......####.....<# ..
#.#....#### ###.#.(.... #
#....# #...#..## #.<..#
#..###... #....# #... ..#
..... #.#.. #.# .. .#


You could see an ogre, a dart slug and an orc.

Vanquished Creatures
  The ghost of lurtze1 the Insei, an amateur OpTm (D:3)
  An ogre (D:4)
  Jessica (D:3)
  3 gnolls (D:3)
  3 adders (D:2)
  3 dart slugs (D:3)
  2 orcs (D:4)
  6 endoplasms
  A giant cockroach (D:4)
  2 goblins
  10 hobgoblins
  3 jackals (D:3)
  3 quokkas
  4 ball pythons
  7 bats
  3 frilled lizards
  4 kobolds
  8 rats
65 creatures vanquished.

Vanquished Creatures (others)
  A ball python (D:1)
  3 plants
4 creatures vanquished.

Grand Total: 69 creatures vanquished

Notes
Turn   | Place    | Note
-------+----------+-------------------------------------------
     0 | D:1      | Bnni the Demonspawn Fighter began the quest for the Orb.
     0 | D:1      | Reached XP level 1. HP: 18/18 MP: 1/1
   230 | D:1      | Gained mutation: You regenerate a little health from kills.
                  | [demonic ancestry]
   230 | D:1      | Reached XP level 2. HP: 24/24 MP: 2/2
   480 | D:1      | Found a faded altar of an unknown god.
  1064 | D:2      | Identified the +0 buckler of Beogh's Hatred {rC+ Int+3
                  | SInv}
  1188 | D:2      | Reached XP level 3. HP: 22/29 MP: 3/3
  1627 | D:3      | Found a runed translucent gate.
  1627 | D:3      | Found a runed translucent gate.
  1627 | D:3      | Found a runed translucent gate.
  1628 | D:3      | Noticed lurtze1's ghost (amateur OpTm)
  1638 | D:3      | Found Eruwn's Weapon Boutique.
  1671 | D:3      | Gained mutation: Spells you cast may paralyse adjacent
                  | enemies. [demonic ancestry]
  1671 | D:3      | Reached XP level 4. HP: 5/35 MP: 4/4
  1738 | D:3      | Found Izunkeyrph's Antique Weapon Shoppe.
  1750 | D:3      | Found Variunee's Assorted Antiques.
  2031 | D:3      | Noticed Jessica
  2040 | D:3      | Killed Jessica
  2041 | D:3      | Discovered your monstrous ancestry.
  2041 | D:3      | Gained mutation: You have a pair of small horns on your
                  | head. [demonic ancestry]
  2041 | D:3      | Reached XP level 5. HP: 32/42 MP: 3/5
  2149 | D:3      | Killed lurtze1's ghost
  2150 | D:3      | Reached XP level 6. HP: 49/49 MP: 6/6
  2278 | D:4      | Mangled by an ogre

Illustrated notes

Levels and vault maps discovered:
D:1:      shiori_shiawase, layout_basic, shapermc_ecumenical_altar_gd,
          lemuel_flame_loot_1
D:2:      layout_basic, minivault_11, supply_closet_lemuel
D:3:      layout_rooms, serial_shops, nicolae_shop_bloodbath_and_beyond,
          nicolae_square_shop, nicolae_shop_overgrown_old_shop,
          ebering_ghost_rock_garden, uniq_jessica
D:4:      layout_loops_cross, temple_pool_b, portal_sewer_entry_a

Skill      XL: |  1  2  3  4  5 |
---------------+----------------+-----
Polearms       | 2 3 4 |  4.6
Shields        | 3 4 |  4.0
Fighting       | 4 |  4.8
Armour         | |  2.6

Action                     |  1- 3 |  4- 6 || total
---------------------------+-------+-------++-------
  Melee: Trident           |   125 |    78 ||   203
         Headbutt          |       |     7 ||     7
  Evoke: Wand              |       |     2 ||     2
    Use: Potion            |     1 |     2 ||     3
         Scroll            |       |     4 ||     4
 Armour: Scale mail        |    55 |     5 ||    60
         Skin              |       |    75 ||    75
         Chain mail        |       |    10 ||    10
  Dodge: Dodged            |    48 |    23 ||    71
  Block: Buckler           |    27 |    24 ||    51

Table legend: (Time is in decaauts)
 A = Elapsed time spent in this place.
 B = Non-inter-level travel time spent in this place.
 C = Inter-level travel time spent in this place.
 D = Time resting spent in this place.
 E = Time spent auto-exploring this place.
 F = Levels seen in this place.
 G = Mean time per level.
                   A        B        C        D        E       F      G
               +--------+--------+--------+--------+--------+-----+--------+
         Total |   2325 |   2193 |    132 |     19 |   1650 |   4 |  581.2 |
       Dungeon |   2325 |   2193 |    132 |     19 |   1650 |   4 |  581.2 |
               +--------+--------+--------+--------+--------+-----+--------+

Top non-repeatable levels by time:
     D:1: 1020 daAuts
     D:2: 629 daAuts
     D:3: 627 daAuts
     D:4: 48 daAuts
